 Dungeon Crawl Stone Soup version 0.20-a0-345-gbfb25ec (webtiles) character file.

56 KristoblXynda the Insei (level 3, -6/31 HPs)
             Began as a Draconian Monk on Dec 22, 2016.
             Killed by nerve-wracking pain
             ... invoked by an orc priest
              (9 damage)
             ... on level 2 of the Dungeon.
             The game lasted 00:02:30 (1294 turns).

KristoblXynda the Insei (Draconian Monk)            Turns: 1294, Time: 00:02:30

Health: -6/31      AC:  6    Str: 12 (13) XL:     3   Next: 69%
Magic:  3/3        EV: 13    Int: 10 (11) God:
Gold:   71         SH:  0    Dex: 12 (13) Spells: 2/2 levels left

rFire  + . .     SeeInvis .       - Unarmed
rCold  + . .     Gourm    .     (armour unavailable)
rNeg   . . .     Faith    .     (no shield)
rPois  +         Spirit   .     (helmet restricted)
rElec  +         Reflect  .     (no cloak)
rCorr  +         Harm     .     f - +0 pair of gloves
MR     .....                    (no boots)
Stlth  ++........               (no amulet)
                                (no ring)
                                (no ring)

@: resistant
A: unfitting armour, cold-blooded, AC +5
a: no special abilities


You were on level 2 of the Dungeon.
You were not hungry.

You visited 1 branch of the dungeon, and saw 2 of its levels.

You collected 71 gold pieces.

Inventory:

Armour
 f - a +0 pair of gloves (worn)
Jewellery
 k - an uncursed amulet of faith
Scrolls
 c - a scroll of magic mapping {unknown}
 e - 2 scrolls of identify
 h - a scroll of remove curse
 i - a scroll of recharging
 l - a scroll of blinking {unknown}
Comestibles
 a - a bread ration
 j - a meat ration


   Skills:
 - Level 3.2 Fighting
 + Level 3.5 Dodging
 + Level 2.4 Stealth
 + Level 3.5 Unarmed Combat


You had 2 spell levels left.
You didn't know any spells.

Dungeon Overview and Level Annotations

Branches:
Dungeon (2/15)

Altars:


Innate Abilities, Weirdness & Mutations

Your plain brown scales are hard. (AC +5)
You cannot fit into any form of body armour.
You are cold-blooded and may be slowed by cold attacks.


Message History

As you read the scroll labeled DIAQAB LURPH, it crumbles to dust.
It is a scroll of recharging.
You aren't carrying any rechargeable items.
The hobgoblin pleads, "Please don't kill me!"
Something hits you but does no damage. The orc priest hits you.
* * * LOW HITPOINT WARNING * * *
As you read the scroll labeled ROPNEVV VERGHI, it crumbles to dust.
You feel blessed for a moment.
It was a scroll of remove curse.
Something hits you.
* * * LOW HITPOINT WARNING * * *
The orc priest casts a cantrip, but nothing happens.
You hear some strange, mumbled words.
A puff of frost appears from out of thin air!
The puff of frost misses you.
As you read the scroll labeled HATWON GU PATU, it crumbles to dust.
It is a scroll of amnesia.
You feel forgetful for a moment. Something hits you but does no damage.
The orc priest invokes the aid of Beogh against you.
Pain shoots through your body!
You die...

#o. ....... #.# ......
####o##### .....
#......o.# #...##
#.##.###.# #.... .# #
#.# #o# #..#####.# #.#
#.#### #........# #.#
#.##{###..##.... #.#
#.#.#@##...#.# .
#.###..#.o..>....#
......o..†..#...###..#
##.####.#.#.#†.g.....#
#........#.##.####(##
######.###.##......#
#.....##.######
########.# #####.####


You could see an orc priest and a hobgoblin (fleeing).

Vanquished Creatures
  A worm (D:2)
  A dart slug (D:2)
  A leopard gecko (D:2)
  An orc (D:2)
  A ball python (D:2)
  3 giant cockroaches
  2 hobgoblins (D:1)
  6 jackals (D:1)
  A quokka (D:2)
  4 bats
  6 frilled lizards
  6 goblins
  8 kobolds
  4 rats
45 creatures vanquished.

Notes
Turn   | Place    | Note
-------+----------+-------------------------------------------
     0 | D:1      | KristoblXynda the Draconian Monk began the quest for the Orb.
     0 | D:1      | Reached XP level 1. HP: 19/19 MP: 1/1
   224 | D:1      | Reached XP level 2. HP: 23/26 MP: 2/2
   515 | D:1      | Reached XP level 3. HP: 31/31 MP: 3/3
  1294 | D:2      | Killed from afar by an orc priest

Vault maps used:
D:1:      minmay_arrival_glassed_features
D:2:      uniq_crazy_yiuf_cottage, uniq_natasha

Skill      XL: |  1  2 |
---------------+-------+-----
Stealth        | 2 |  2.4
Dodging        | 3 |  3.5
Fighting       | |  3.2
Unarmed Combat | |  3.5

Action                   || total
-------------------------++-------
Melee: Unarmed           ||   147
       Tailslap          ||    17
  Use: Scroll            ||     5
       Potion            ||     3
 Stab: Sleeping          ||     3
  Eat: Chunk             ||     1
Armor: Skin              ||    64
Dodge: Dodged            ||   118
